 Dungeon Crawl Stone Soup version 0.28-a0-479-g5baa6b73be (webtiles) character file.

Game seed: 10636135850704022119

353384 freelancePsychic the Eclecticist (level 23, -12/175 HPs)
             Began as a Djinni Air Elementalist on Sept 16, 2021.
             Was the Champion of Makhleb.
             Killed from afar by a servant of whispers (37 damage)
             ... with a bolt of lightning
             ... in the Desolation of Salt on Sept 17, 2021.
             The game lasted 01:32:23 (38359 turns).

freelancePsychic the Eclecticist (DjAE)            Turns: 38359, Time: 01:32:24

Health: -12/175    AC: 15    Str:  7    XL:     23   Next: 30%
Gold:   6030       EV: 20    Int: 36    God:    Makhleb [******] SH: 28 Dex: 16

rFire   + + +      SeeInvis +   r - +3 flail "Yvonipor" {elec, rC+}
rCold   + . .      Faith    .   F - +8 tower shield {AC+3}
rNeg    . . .      Spirit   +   G - +1 robe "Baskecke" {rC+ Regen+}
rPois   ∞          Reflect  .   a - +0 helmet {SInv}
rElec   .          Harm     .   K - +2 cloak {rCorr}
rCorr   +          Rampage  .   d - +0 pair of gloves
Will    +....                   (boots unavailable)
Stlth   ++........              M - amulet "Gerun" {Spirit Fragile Regen+ Int+7}
HPRegen 1.39/turn               p - +4 ring of protection
MPRegen 0.00/turn               t - ring "Ficzi" {Fly rF+ Int+2}

@: weak-willed, flying, very slightly contaminated
A: sickness immunity, fire resistance 2, cold vulnerability 1, float, innate
caster, hp casting, extra vitality 1, clever 1
}: 2/15 runes: decaying, serpentine
a: Renounce Religion, Minor Destruction, Lesser Servant of Makhleb, Major
Destruction, Greater Servant of Makhleb


You were in the Desolation of Salt.
You worshipped Makhleb.
Makhleb was exalted by your worship.
You visited 8 branches of the dungeon, and saw 37 of its levels.
You visited the Abyss 2 times.
You also visited: Trove, Ossuary and Desolation.

You collected 7022 gold pieces.
You spent 992 gold pieces at shops.

Inventory:

Hand Weapons
 r - the +3 flail "Yvonipor" (weapon) {elec, rC+}
   (You took it off an orc on level 4 of the Dungeon)

   It occasionally discharges a powerful burst of electricity upon striking a
   foe.
   rC:        It protects you from cold.
 v - the +8 frozen axe "Frostbite" {freezing cloud, *Noise Fly rC+}
   (You found it on level 4 of the Dungeon)

   It freezes those it strikes, dealing additional cold damage.
   It can also slow down cold-blooded creatures.
   It occasionally leaves clouds of freezing vapour upon striking a foe.
   It grants immunity to clouds of freezing vapour.
   rC:        It protects you from cold.
   Fly:       It grants you flight.
   *Noise:    It may make noises in combat.
Missiles
 U - 4 throwing nets
Armour
 a - a +0 helmet of see invisible (worn)
 d - a +0 pair of gloves (worn)
 F - a +8 tower shield of protection (worn)
 G - the +1 robe "Baskecke" (worn) {rC+ Regen+}
   (You found it on level 6 of the Dungeon)

   rC:        It protects you from cold.
   Regen:     It increases your rate of health regeneration.
 K - a +2 cloak of preservation (worn)
Magical Staves
 l - a staff of earth
 o - a staff of conjuration
Jewellery
 m - a ring of willpower
 p - a +4 ring of protection (left hand)
 t - the ring "Ficzi" (right hand) {Fly rF+ Int+2}
   (You found it on level 4 of the Dungeon)

   [ring of flight]

   Int:       It affects your intelligence (+2).
   rF:        It protects you from fire.
   Fly:       It grants you flight.
 M - the amulet "Gerun" (around neck) {Spirit Fragile Regen+ Int+7}
   (You took it off a deep elf annihilator on level 3 of the Elven Halls)

   [amulet of guardian spirit]

   It causes incoming damage to be divided between your reserves of health and
   magic.
   Int:       It affects your intelligence (+7).
   Regen:     It increases your rate of health regeneration.
   Fragile:   It will be destroyed if unequipped.
 N - the ring "Untapt" {EV+4 Str+4}
   (You took it off a deep elf sorcerer on level 3 of the Elven Halls)

   [ring of evasion]

   EV:        It affects your evasion (+4).
   Str:       It affects your strength (+4).
 Q - a +6 ring of dexterity
 T - an amulet of regeneration
 X - the amulet of the Median {Faith rF+}
   (You found it in the Desolation of Salt)

   [amulet of faith]

   It allows you to gain divine favour quickly.
   rF:        It protects you from fire.
Wands
 b - a wand of flame (60)
 D - a wand of iceblast (11)
 E - a wand of mindburst (68)
 J - a wand of paralysis (37)
 L - a wand of acid (4)
 Z - a wand of digging (5)
Scrolls
 c - 4 scrolls of fog
 f - 5 scrolls of immolation
 g - 4 scrolls of teleportation {@r4}
 i - 6 scrolls of magic mapping
 k - a scroll of brand weapon
 q - 3 scrolls of blinking
 u - 2 scrolls of enchant armour
 y - 9 scrolls of enchant weapon
 I - a scroll of fear
 O - 13 scrolls of identify {@r1}
 R - a scroll of summoning
 S - a scroll of holy word
 V - 2 scrolls of noise
Potions
 e - a potion of brilliance
 h - 12 potions of curing {@q1}
 j - 5 potions of attraction
 n - 6 potions of mutation
 w - 2 potions of cancellation
 x - 8 potions of might
 z - 3 potions of haste {@q3}
 A - 4 potions of resistance
 B - 2 potions of ambrosia
 C - 7 potions of berserk rage
 H - 3 potions of invisibility
 P - 4 potions of lignification
 Y - 6 potions of heal wounds {@q2}
Miscellaneous
 s - a condenser vane


   Skills:
 - Level 17.9 Fighting
 - Level 16.4 Dodging
 - Level 1.5 Stealth
 * Level 16.7 Shields
 - Level 20.2 Spellcasting
 - Level 5.0 Evocations


You couldn't memorise any spells.
You knew the following spells:

 Your Spells              Type           Power      Damage    Failure   Level
a - Borgnjor's Vile Clut  Necr/Erth      55%        N/A       0%          5
b - Lehudib's Crystal Sp  Conj/Erth      55%        10d13     3%          8
c - Eringya's Noxious Bo  Tmut/Pois      55%        N/A       1%          6
d - Airstrike             Air            55%        N/A       0%          4
e - Malign Gateway        Summ/Tloc      55%        N/A       1%          7
f - Blink                 Tloc           N/A        N/A       0%          2
g - Frozen Ramparts       Ice            100%       1d12      0%          3
h - Summon Cactus Giant   Summ           55%        N/A       1%          6
i - Shock                 Conj/Air       100%       1d9       0%          1
j - Agony                 Necr           100%       N/A       0%          5
k - Teleport Other        Tloc           100%       N/A       0%          3
l - Dispersal             Tloc           55%        N/A       1%          6
m - Swiftness             Air            100%       N/A       0%          3
n - Static Discharge      Conj/Air       100%       N/A       0%          2
o - Pain                  Necr           100%       1d9       0%          1
Your spell library was empty.

Dungeon Overview and Level Annotations

Branches:
Dungeon (15/15)            Temple (1/1) D:6            Lair (6/6) D:9
  Swamp (4/4) Lair:2        Snake (4/4) Lair:2        Slime (0/5) Lair:5
    Orc (2/2) D:10            Elf (3/3) Orc:2        Vaults (2/5) D:14
  Crypt (0/3) Vaults:2     Depths (0/5) D:15        Ossuary (visited)
Desolation (1/1)

Altars:
Ashenzari
Cheibriados
Dithmenos
Elyvilon
Fedhas
Gozag
Hepliaklqana
Kikubaaqudgha
Makhleb
Nemelex Xobeh
Okawaru
Qazlal
Ru
Sif Muna
Trog
Uskayaw
Vehumet
Wu Jian
Xom
Yredelemnul
Zin
The Shining One
Jiyva

Shops:
D:2 ?   D:12 :   Orc:2 ?[[==   Vaults:1 ([(!

Annotations:
D:4 5 runed translucent doors, gregwegmann's ghost, amateur GrFi; tarna41's ghost, amateur DgEE
D:12 1 runed translucent door
Elf:2 3 runed translucent doors


Innate Abilities, Weirdness & Mutations

You are immune to sickness and miasma.
You are immune to poison.
Your flesh is very heat resistant. (rF++)
You are vulnerable to cold. (rC-)
You float through the air rather than walking.
You learn spells naturally, not from books.
Your magical power is your life essence.
You have superior vitality. (+4 HP)
Your mind is acute. (Int +2)


Message History

Your willpower is stripped away!
Casting: Lehudib's Crystal Spear (dangerous; 3% risk of failure)
Confirm with . or Enter, or press ? or * to list all spells.
Aiming: Lehudib's Crystal Spear (dangerous; 3% risk of failure)
Press: ? - help, Shift-Dir - straight line, f/p - servant of whispers
Aim: a servant of whispers, wielding a +0 club and wearing a +0 robe (almost dead, 79% to hit)
The crystal spear hits the servant of whispers!!!
You kill the servant of whispers!
Makhleb accepts your kill.
You feel better. You block the saltling's attack.
The servant of whispers closely misses you.
You block the imperial myrmidon's attack.
The ragged hierophant points at you and mumbles some strange words.
A blast of power from the earth and the saltling strikes you!
As you read the scroll of teleportation {@r4}, it crumbles to dust.
You feel strangely unstable. The saltling completely misses you.
You block the servant of whispers's attack.
You block the imperial myrmidon's attack.
The ragged hierophant casts a spell.
The ragged hierophant begins to accept its allies' injuries.
The saltling hits you!
The ragged hierophant casts a spell at you.
A blast of power from the earth and the saltling strikes you!
Your surroundings suddenly seem different.
An ironbound convoker and a ragged hierophant come into view.
The ragged hierophant shouts!
The ironbound convoker shouts!
The air resumes its normal movements.
A saltling comes into view.
The ironbound convoker begins to recite a word of recall!
A saltling comes into view.
A servant of whispers comes into view. It is wielding a +0 club.
The servant of whispers shouts!
A ragged hierophant comes into view. It is wielding a +1 vorpal long sword.
A halazid warlock comes into view.
The servant of whispers calls down the wrath of its god upon you.
The bolt of lightning hits you!!!
* * * LOW HITPOINT WARNING * * *
The servant of whispers mumbles some strange prayers to its god against you.
The bolt of lightning hits you!!!
You die...

,,,,,,,,..§.§a§§§§§......,,,,,,,,
,,,,,,,,.....§a§§§§§§....,,,,,,,,
,,,,,,,,....§.La§§§§§....,,,,,,,,
,,,,,,,,....§.§.§§§§§§§..,,,,,,**
,,,,,,,,....§§....§§§§§§.,,,,,,*,
,,,,,,,,.....§.§..§..§.§.#***,,*,
,,,,,,,,.................#,,*,,,*
,,,,,,,,.........#.......#,,*,,,,
,,,,,,,,........@........#**,,,,,
,,,,,,,,,§................,,,,***
,,,,,,,,,§§§§§............,,,*,,*
,,,,,,,,,§.§.§§§.......###,,,*,,*
,,,,,,,,,§.§§§§§.......#,,*,,****
,,,,,,,,,,,,§.....#....#,,*,,,,,,
,,,,,,,,,,,,...§.......#***,,,,,,
,,,,,,,,,,,,,,,§........,,,,,,,,,
,,,,,,,,,,,,,,,,,,,,,,,,,,,,,,,,,


You could see a ragged hierophant, a servant of whispers and a halazid warlock.

Vanquished Creatures
  A bone dragon (Abyss:2)
  A shard shrike zombie (Abyss:2)
  A quicksilver dragon (Snake:4)
  A tentacled starspawn (Abyss:2)
  2 deep elf master archers (Elf:3)
  2 deep elf blademasters
  A tengu reaver (Vaults:1)
  A fenstrider witch (Swamp:2)
  4 nagarajas (Snake:4)
  4 vault wardens (Vaults:1)
  An imperial myrmidon (Desolation)
  An emperor scorpion (shapeshifter) (Elf:3)
  7 deep elf sorcerers (Elf:3)
  Louise (Elf:3)
  11 ironbound preservers
  2 deep elf elementalists (Elf:3)
  6 very ugly things
  An ophan (Abyss:2)
  7 deep elf demonologists
  A stone giant (Vaults:1)
  2 halazid warlocks (Desolation)
  10 deep elf annihilators (Elf:3)
  A lorocyproca (Abyss:2)
  4 dire elephants (Vaults:1)
  2 bunyips
  3 eleionomae
  A crystal guardian (Desolation)
  A fire dragon (Lair:6)
  3 deep elf death magi (Elf:3)
  A great orb of eyes (Vaults:1)
  2 servants of whispers (Desolation)
  A shambling mangrove (Swamp:4)
  A rakshasa (Abyss:2)
  3 ironbound thunderhulks
  3 vault guards (Vaults:1)
  4 yaktaur captains (Vaults:1)
  5 deep elf high priests
  8 boulder beetles
  A salamander tyrant (Snake:3)
  7 naga warriors
  2 ghost crabs
  25 hydras
  5 centaur warriors
  2 peacekeepers
  3 ogre magi (Orc:2)
  3 alligators
  4 ironbound frosthearts (Vaults:1)
  16 two-headed ogres
  12 dancing weapons
  Erica (D:11)
  3 anacondas
  A catoblepas (D:12)
  A tengu warrior (D:15)
  An orc high priest (Orc:2)
  4 thrashing horrors (Abyss:2)
  4 ironbound beastmasters (Vaults:1)
  11 death yaks
  19 naga sharpshooters
  A soul eater (Abyss:2)
  7 shock serpents
  5 wretched stars (Abyss:2)
  2 skeletal warriors (D:14)
  A sixfirhy (Abyss:2)
  7 deep elf knights
  5 goliath frogs
  A spatial maelstrom (Abyss:2)
  5 salamander mystics
  6 spriggan druids
  A death drake (shapeshifter) (Abyss:2)
  A death drake (Swamp:4)
  19 deep trolls
  4 glowing orange brains
  5 bog bodies
  8 swamp dragons
  5 lindwurms
  A necromancer (Abyss:2)
  5 naga ritualists
  12 deep elf archers
  6 wizards
  9 ironbound convokers
  2 orc knights
  26 deep elf zephyrmancers
  An orc sorcerer (Orc:2)
  33 deep elf pyromancers
  7 mana vipers
  5 cyclopes
  3 manticores
  23 ugly things
  A salamander (shapeshifter) (D:15)
  2 will-o-the-wisps
  12 salamanders
  A worldbinder (Abyss:2)
  A spriggan zombie (Abyss:2)
  4 vault sentinels
  An elephant (shapeshifter) (D:15)
  7 guardian serpents
  28 black mambas
  3 torpor snails (Lair:6)
  12 cane toads
  A smoke demon (Abyss:2)
  17 naga magi
  5 orange demons (Elf:1)
  Maggie (Lair:2)
  2 gargoyles
  2 rime drakes (Lair:4)
  9 komodo dragons
  9 yaktaurs
  An unseen horror (Abyss:2)
  2 kobold demonologists
  A freezing wraith (Abyss:2)
  An ice devil (Abyss:2)
  3 ancient zymes (Abyss:2)
  2 tengu conjurers
  A hellwing (Abyss:2)
  2 trolls
  6 bloated husks
  12 polar bears
  17 hornets
  3 harpy skeletons (Abyss:2)
  30 slime creatures
  18 blink frogs
  6 tyrant leeches
  12 saltlings
  9 large abominations (Abyss:2)
  7 raiju
  Grinder (D:5)
  7 starcursed masses (Abyss:2)
  2 shadows (D:11)
  11 spriggans
  2 air elementals
  A centaur simulacrum (Abyss:2)
  5 wyverns
  42 yaks
  A vampire (D:10)
  3 wraiths (D:13)
  8 water elementals
  3 fire elementals
  A human (D:10)
  A golden eye (Abyss:2)
  A neqoxec (Abyss:2)
  3 basilisks
  A steam dragon (D:4)
  5 chaos spawn (Abyss:2)
  3 vampire mosquitoes (D:11)
  8 wargs
  7 spatial vortices (Abyss:2)
  Menkaure (Ossuary)
  16 swamp worms
  55 nagas
  3 acid dragons
  A floating eye (Elf:3)
  12 water moccasins
  16 hell hounds
  A swamp drake (shapeshifter) (Elf:3)
  17 orc warriors
  A hornet zombie (D:7)
  9 swamp drakes
  3 sky beasts (D:6)
  3 necrophages
  13 black bears
  2 centaurs (shapeshifter) (D:14)
  3 ice beasts
  24 ogres (Orc:2)
  34 wolves
  8 centaurs
  2 phantoms (D:5)
  4 kobold brigands
  11 scorpions
  15 bullfrogs
  A wyvern zombie (D:8)
  11 small abominations (Abyss:2)
  3 earth elementals (Elf:3)
  2 water moccasin skeletons
  5 electric eels
  3 howler monkeys (D:11)
  A bullfrog zombie (D:7)
  10 centaur zombies
  A gnoll shaman (Orc:1)
  2 hounds
  15 orc priests
  2 bullfrog skeletons
  9 jellies
  Jessica (D:2)
  8 centaur skeletons
  An iron imp (Abyss:2)
  14 orc wizards
  2 iguanas
  An ogre zombie (Ossuary)
  7 mummies
  A howler monkey zombie (D:10)
  5 gnolls (Orc:1)
  7 adders
  A shadow imp (D:6)
  3 white imps
  8 adder zombies (Ossuary)
  2 dart slugs
  97 orcs
  10 ball pythons
  10 endoplasms
  4 giant cockroaches
  6 goblins
  10 hobgoblins
  7 jackals
  16 kobolds
  4 quokkas
  3 bats
  7 frilled lizards
  5 goblin zombies (Ossuary)
  5 hobgoblin zombies (Ossuary)
  5 kobold zombies (Ossuary)
  15 rats
  2 rat zombies (Ossuary)
  A lurking horror (Abyss:2)
1406 creatures vanquished.

Vanquished Creatures (collateral kills)
  A quicksilver dragon (Snake:4)
  2 nagarajas
  4 naga warriors
  A ragged hierophant (Desolation)
  3 hydras (Swamp:4)
  2 two-headed ogres (Orc:2)
  An ogre mage (Orc:2)
  A centaur warrior (D:15)
  An alligator (Swamp:4)
  2 anacondas (Snake:3)
  A shock serpent (Snake:4)
  A deep elf knight (Elf:1)
  A naga sharpshooter (Snake:3)
  2 skeletal warriors (D:14)
  A goliath frog (Swamp:2)
  2 deep trolls (Vaults:2)
  2 swamp dragons (Swamp:4)
  A salamander mystic (Snake:4)
  2 naga ritualists (Snake:3)
  A deep elf pyromancer (Elf:3)
  3 orc knights
  6 mana vipers (Snake:3)
  2 ugly things
  4 salamanders
  A vault sentinel (Vaults:2)
  11 black mambas
  3 naga magi
  2 torpor snails (Lair:6)
  2 unseen horrors
  2 tyrant leeches (Lair:6)
  2 hornets (Lair:6)
  2 saltlings (Desolation)
  4 slime creatures
  12 nagas
  7 orc warriors
  A swamp drake (Swamp:4)
  3 ogres
  A centaur (D:15)
  2 orc priests
  A centaur zombie (D:10)
  2 orc wizards
  4 orcs
109 creatures vanquished.

Vanquished Creatures (others)
  An eldritch tentacle (Desolation)
  An alligator (Swamp:2)
  A deep elf knight (Elf:3)
  A goliath frog (Swamp:1)
  A spriggan druid (Swamp:1)
  4 deep elf archers
  2 deep elf pyromancers
  3 deep elf zephyrmancers (Elf:2)
  2 salamanders (Snake:4)
  A naga mage (Snake:4)
  A black mamba (Snake:4)
  A tyrant leech (Swamp:1)
  A spriggan (Swamp:2)
  An orc wizard (D:3)
  6 foxfires (Swamp:2)
  39 fungi
  55 plants
  8 toadstools (D:8)
  6 withered plants (D:4)
135 creatures vanquished.

Grand Total: 1650 creatures vanquished

Notes
Turn   | Place    | Note
-------+----------+-------------------------------------------
     0 | D:1      | freelancePsychic the Djinni Air Elementalist began the
                  | quest for the Orb.
     0 | D:1      | Reached XP level 1. HP: 15/15 MP: 0/0
   190 | D:1      | Reached XP level 2. HP: 16/22 MP: 0/0
   396 | D:1      | Reached skill level 1 in Fighting
   623 | D:1      | Reached XP level 3. HP: 26/27 MP: 0/0
   623 | D:1      | Learned a level 1 spell: Pain
   666 | D:1      | Reached skill level 3 in Spellcasting
  1599 | D:2      | Noticed Jessica
  1601 | D:2      | Killed Jessica
  1602 | D:2      | Reached XP level 4. HP: 30/33 MP: 0/0
  2201 | D:2      | Found a faded altar of an unknown god.
  2962 | D:2      | Reached XP level 5. HP: 33/38 MP: 0/0
  2962 | D:2      | Learned a level 2 spell: Blink
  3033 | D:2      | Found Daonad's Magic Scroll Boutique.
  3039 | D:2      | Bought a scroll of magic mapping for 42 gold pieces
  3039 | D:2      | Bought a scroll of identify for 24 gold pieces
  3039 | D:2      | Bought a scroll of teleportation for 36 gold pieces
  3742 | D:3      | Reached skill level 4 in Spellcasting
  4048 | D:3      | Reached XP level 6. HP: 42/45 MP: 0/0
  4738 | D:4      | Found a runed translucent gate.
  4739 | D:4      | Found a runed translucent gate.
  4739 | D:4      | Found a runed translucent gate.
  4739 | D:4      | Noticed tarna41's ghost (amateur DgEE)
  4744 | D:4      | Noticed gregwegmann's ghost (amateur GrFi)
  4898 | D:4      | Found a large runed translucent door.
  4899 | D:4      | Found a large runed translucent door.
  4928 | D:4      | Identified the +3 flail "Yvonipor" {elec, rC+}
  5121 | D:4      | Found a large runed translucent door.
  5121 | D:4      | Found a large runed translucent door.
  5151 | D:4      | Reached XP level 7. HP: 30/51 MP: 0/0
  5151 | D:4      | Learned a level 3 spell: Frozen Ramparts
  5155 | D:4      | Identified the ring "Ficzi" {Fly rF+ Int+2}
  5294 | D:4      | Noticed a water moccasin
  5295 | D:4      | Found the +8 frozen axe "Frostbite" {freezing cloud, *Noise
                  | Fly rC+}
  5299 | D:4      | Killed a water moccasin
  5300 | D:4      | Reached skill level 5 in Spellcasting
  5300 | D:4      | Reached skill level 1 in Evocations
  5551 | D:4      | Reached XP level 8. HP: 43/58 MP: 0/0
  5734 | D:5      | Entered Level 5 of the Dungeon
  5772 | D:5      | Found a snail-covered altar of Cheibriados.
  5780 | D:5      | Noticed Grinder
  5790 | D:5      | Killed Grinder
  5791 | D:5      | Reached skill level 5 in Fighting
  5791 | D:5      | Reached skill level 6 in Spellcasting
  5864 | D:5      | Found a sand-covered staircase.
  5960 | Ossuary  | Entered an ossuary
  6616 | Ossuary  | Noticed Menkaure
  6620 | Ossuary  | Killed Menkaure
  6621 | Ossuary  | Reached XP level 9. HP: 31/65 MP: 0/0
  6621 | Ossuary  | Learned a level 3 spell: Teleport Other
  7800 | D:5      | Reached skill level 7 in Spellcasting
  9112 | D:6      | Reached skill level 5 in Evocations
  9458 | D:6      | Found a staircase to the Ecumenical Temple.
  9479 | D:6      | Reached XP level 10. HP: 61/73 MP: 0/0
  9481 | D:6      | Identified the +1 robe "Baskecke" {rC+ Regen+}
  9492 | Temple   | Entered the Ecumenical Temple
  9549 | Temple   | Became a worshipper of Makhleb the Destroyer
  9571 | D:6      | Reached skill level 8 in Spellcasting
  9875 | D:6      | Reached skill level 1 in Shields
 10161 | D:7      | Found a sparkling altar of Nemelex Xobeh.
 10164 | D:7      | Found a white marble altar of Elyvilon.
 10164 | D:7      | Found an opulent altar of Gozag.
 10886 | D:8      | Reached * piety under Makhleb
 10948 | D:8      | Found a glowing golden altar of the Shining One.
 10948 | D:8      | Found a bloodstained altar of Trog.
 11045 | D:8      | You are sucked into a shaft and drop 1 floor!
 11101 | D:9      | Reached skill level 9 in Spellcasting
 11562 | D:9      | Reached ** piety under Makhleb
 11563 | D:9      | Reached XP level 11. HP: 71/81 MP: 0/0
 11563 | D:9      | Learned a level 5 spell: Borgnjor's Vile Clutch
 11577 | D:9      | Found a viscous altar of Jiyva.
 11652 | D:9      | Found a staircase to the Lair.
 12722 | Lair:1   | Entered Level 1 of the Lair of Beasts
 12722 | Lair:1   | Noticed a four-headed hydra
 12726 | Lair:1   | Killed a four-headed hydra
 12727 | Lair:1   | Reached skill level 10 in Spellcasting
 12763 | Lair:1   | Noticed a seven-headed hydra
 12768 | Lair:1   | Killed a seven-headed hydra
 13158 | Lair:1   | Reached XP level 12. HP: 51/91 MP: 0/0
 13219 | Lair:1   | Noticed a four-headed hydra
 13224 | Lair:1   | Killed a four-headed hydra
 13224 | Lair:1   | Reached *** piety under Makhleb
 13225 | Lair:1   | Reached skill level 11 in Spellcasting
 13235 | Lair:1   | Reached skill level 10 in Fighting
 13567 | Lair:2   | Found a staircase to the Snake Pit.
 13602 | Lair:2   | Found a staircase to the Swamp.
 13727 | Lair:2   | Noticed Maggie
 13736 | Lair:2   | Killed Maggie
 13968 | Lair:2   | Noticed a four-headed hydra
 13974 | Lair:2   | Killed a four-headed hydra
 14112 | Lair:2   | Reached skill level 12 in Spellcasting
 14697 | Lair:3   | Noticed a four-headed hydra
 14701 | Lair:3   | Killed a four-headed hydra
 14702 | Lair:3   | Reached XP level 13. HP: 87/99 MP: 0/0
 14702 | Lair:3   | Learned a level 5 spell: Agony
 14831 | Lair:3   | Noticed a four-headed hydra
 14835 | Lair:3   | Killed a four-headed hydra
 15030 | Lair:3   | Reached **** piety under Makhleb
 15284 | Lair:4   | Noticed a five-headed hydra
 15455 | Lair:4   | Reached skill level 13 in Spellcasting
 15458 | Lair:4   | Killed a five-headed hydra
 15500 | Lair:4   | Noticed a boulder beetle
 15511 | Lair:4   | Killed a boulder beetle
 15695 | Lair:4   | Reached ***** piety under Makhleb
 16133 | Lair:5   | Found a staircase to the Slime Pits.
 16638 | Lair:6   | Entered Level 6 of the Lair of Beasts
 16645 | Lair:6   | Reached XP level 14. HP: 95/108 MP: 0/0
 16908 | Lair:6   | Reached skill level 5 in Dodging
 17202 | Lair:6   | Reached skill level 14 in Spellcasting
 17399 | Lair:6   | Reached ****** piety under Makhleb
 18211 | Lair:6   | Found a runed translucent door.
 18452 | Lair:6   | Reached XP level 15. HP: 85/115 MP: 0/0
 18452 | Lair:6   | Learned a level 6 spell: Summon Cactus Giant
 18797 | D:10     | Entered Level 10 of the Dungeon
 18821 | D:10     | Found a staircase to the Orcish Mines.
 19312 | D:10     | Identified a scroll of acquirement
 19334 | D:10     | Acquired a manual of Spellcasting
 19807 | Orc:1    | Entered Level 1 of the Orcish Mines
 20216 | Orc:2    | Entered Level 2 of the Orcish Mines
 20311 | Orc:2    | Reached skill level 15 in Spellcasting
 20395 | Orc:2    | Found Edecub's Magic Scroll Shop.
 20890 | Orc:2    | Found a staircase to the Elven Halls.
 20911 | Orc:2    | Paralysed by an ogre mage for 5 turns
 20982 | Orc:2    | Reached skill level 16 in Spellcasting
 21039 | Orc:2    | Found Gemomon's Antique Armour Emporium.
 21098 | Orc:2    | Found Baiclin's Jewellery Shop.
 21099 | Orc:2    | Found Juigut's Antique Armour Shop.
 21099 | Orc:2    | Found Kauco's Jewellery Shoppe.
 21110 | Orc:2    | Bought an amulet of regeneration for 390 gold pieces
 21318 | D:11     | Reached XP level 16. HP: 123/123 MP: 0/0
 21329 | D:11     | Noticed Erica
 21363 | D:11     | Killed Erica
 21536 | D:11     | Identified the +3 buckler of Action {Dex+5}
 21946 | D:12     | Found Texkinea's Book Shoppe.
 22057 | D:12     | Reached skill level 10 in Dodging
 22363 | D:12     | Noticed a frost giant
 22363 | D:12     | Noticed a storm dragon
 22364 | D:12     | Found a runed translucent door.
 22366 | D:12     | Noticed a fire giant
 22366 | D:12     | Noticed a fire giant
 23495 | D:14     | Identified the +3 dagger "Kaejoeta" {holy, rC+}
 23530 | D:14     | Reached skill level 17 in Spellcasting
 23909 | D:14     | Found a gate to the Vaults.
 24300 | D:15     | Entered Level 15 of the Dungeon
 25025 | D:15     | Reached XP level 17. HP: 129/130 MP: 0/0
 25025 | D:15     | Learned a level 6 spell: Dispersal
 25331 | D:15     | Reached skill level 15 in Fighting
 25385 | D:15     | Found a staircase to the Depths.
 25651 | Snake:1  | Entered Level 1 of the Snake Pit
 26854 | Snake:2  | Identified the +6 scale mail of Hix Pown {rF- Str+3 Dex+3}
 27293 | Snake:3  | Reached skill level 18 in Spellcasting
 27418 | Snake:3  | Reached XP level 18. HP: 119/139 MP: 0/0
 28270 | Snake:4  | Entered Level 4 of the Snake Pit
 29186 | Snake:4  | Reached XP level 19. HP: 135/147 MP: 0/0
 29186 | Snake:4  | Learned a level 6 spell: Eringya's Noxious Bog
 29324 | Snake:4  | Got a serpentine rune of Zot
 29830 | Swamp:1  | Entered Level 1 of the Swamp
 31137 | Swamp:3  | Reached skill level 15 in Dodging
 31577 | Swamp:4  | Entered Level 4 of the Swamp
 31887 | Swamp:4  | Reached skill level 19 in Spellcasting
 31925 | Swamp:4  | Reached XP level 20. HP: 150/157 MP: 0/0
 32373 | Swamp:4  | Got a decaying rune of Zot
 32547 | Elf:1    | Entered Level 1 of the Elven Halls
 33085 | Elf:1    | Reached skill level 5 in Shields
 33678 | Elf:2    | Found a runed translucent gate.
 33678 | Elf:2    | Found a runed translucent gate.
 33678 | Elf:2    | Found a runed translucent gate.
 33881 | Elf:2    | Found a portal to a secret trove of treasure.
 33966 | Elf:2    | You paid a toll of 12 scrolls of teleportation to enter a
                  | treasure trove
 33967 | Trove    | Entered a treasure trove
 33972 | Trove    | Identified the +1 ring mail of Untruth {rElec MP-9 Dex+9}
 33981 | Trove    | Identified the -2 hat "Heuracot" {rN++ Int+5}
 33993 | Trove    | Identified the +1 robe of Vizuib {rPois}
 34272 | Elf:3    | Entered Level 3 of the Elven Halls
 34296 | Elf:3    | Noticed a Brimstone Fiend
 34297 | Elf:3    | Noticed a Hell Sentinel
 34609 | Elf:3    | Reached XP level 21. HP: 123/162 MP: 0/0
 34609 | Elf:3    | Learned a level 8 spell: Lehudib's Crystal Spear
 34716 | Elf:3    | Identified the +1 morningstar "Tuemp" {vorpal, *Rage Drain
                  | rPois rC+}
 34721 | Elf:3    | Identified the amulet "Gerun" {Spirit Fragile Regen+ Int+7}
 34722 | Elf:3    | Cast into level 2 of the Abyss (a deep elf demonologist)
 34989 | Elf:3    | Escaped the Abyss
 34989 | Elf:3    | Noticed Louise
 34992 | Elf:3    | Identified the +6 hand axe of Entrepreneurial Spirit
                  | {flame, *Corrode Str+4 SInv}
 34992 | Elf:3    | Gained mutation: Your mind is acute. (Int +2) [a cacodemon]
 34993 | Elf:3    | Identified the ring "Untapt" {EV+4 Str+4}
 34996 | Elf:3    | Noticed a Tzitzimitl
 35001 | Elf:3    | Killed Louise
 35002 | Elf:3    | Reached skill level 10 in Shields
 35418 | Elf:3    | Identified the +6 long sword of the Postmodern Artists
                  | {freeze, rElec}
 35942 | Vaults:1 | Entered Level 1 of the Vaults
 36067 | Vaults:1 | Acquired 863 gold pieces
 36082 | Vaults:1 | Found Zetagita's Distillery.
 36090 | Vaults:1 | Bought a potion of haste for 200 gold pieces
 36090 | Vaults:1 | Bought 2 potions of heal wounds for 200 gold pieces
 36090 | Vaults:1 | Bought a potion of heal wounds for 100 gold pieces
 36136 | Vaults:1 | Found Gozag's Antique Weapon Shop.
 36217 | Vaults:1 | Found an opulent altar of Gozag.
 36221 | Vaults:1 | Found Gozag's Antique Armour Shop.
 36223 | Vaults:1 | Found Gozag's Antique Weapon Boutique.
 36244 | Vaults:1 | Reached XP level 22. HP: 151/168 MP: 0/0
 36472 | Vaults:1 | Reached skill level 20 in Spellcasting
 36483 | Vaults:1 | Cast into level 2 of the Abyss (a wizard)
 36483 | Abyss:2  | Found a corrupted altar of Lugonu.
 36529 | Abyss:2  | Noticed a bone dragon
 36534 | Abyss:2  | Killed a bone dragon
 36992 | Vaults:1 | Escaped the Abyss
 37349 | Vaults:1 | Upgraded the game from 0.28-a0-476-g0f06bd746f to
                  | 0.28-a0-479-g5baa6b73be
 37693 | Vaults:1 | Reached skill level 15 in Shields
 38140 | Vaults:2 | Reached XP level 23. HP: 157/175 MP: 0/0
 38140 | Vaults:2 | Learned a level 7 spell: Malign Gateway
 38172 | Vaults:2 | Found a crumbling gateway.
 38214 | Desolati | Entered the Desolation of Salt
 38274 | Desolati | Identified the +10 battleaxe "Igumioh" {holy, rPois Int-4
                  | Stlth+}
 38325 | Desolati | Identified the amulet of the Median {Faith rF+}
 38359 | Desolati | Killed from afar by a servant of whispers

Illustrated notes

Levels and vault maps discovered:
D:1:      lemuel_arrival_hallway, layout_loops_ring, feat_on_display
D:2:      layout_loops_corners, hellmonk_ecumenical_altar_heavens_door,
          serial_shops, shop, minmay_rat_gold_closets, uniq_jessica
D:3:      layout_loops_ring, minmay_increasing_density
D:4:      layout_basic, gammafunk_ghost_cemetery, minmay_hollow_rounded_squares
D:5:      layout_basic, kennysheep_slug_shrine, gup_ossuary_entry_pyramid,
          minmay_misc_feat_secret_circle, grunt_ministairs_8,
          hellmonk_bongcloud_opening, hex_intersection, uniq_grinder
D:6:      layout_basic, minmay_temple_entry_glass
D:7:      layout_basic, chequers_temple_overflow_statue_of_worship
D:8:      cheibrodos_fertilizer, layout_gridville, minitemple,
          minmay_gold_behind_fungi, solitary_fountain, grunt_decor_cap
D:9:      layout_basic, grunt_lair_entry_orc_guard_hut, jiyva_altar_1
D:10:     layout_long_grid, erik_orc_4, special_room [special_room_orc],
          serial_ice, serial_ice_h, serial_ice_g, serial_ice_k, serial_ice_c,
          serial_ice_a, serial_ice_b, minmay_misc_feat_enclosed,
          grunt_ogre_cave, minivault_20
D:11:     layout_cave_pools, skrybe_limestone_x, uniq_nergalle, uniq_erica
D:12:     minmay_gate_of_8, layout_irregular_city, serial_shops,
          nicolae_take_the_stairs
D:13:     layout_roguey, chequers_big_river, grunt_ministairs_7,
          minmay_misc_feat_five
D:14:     layout_loops_ring, hangedman_vaults_entry_quadrant_bands,
          nicolae_vehumet_altar_sigil
D:15:     gammafunk_enter_depths_forms, layout_loops_corners,
          chequers_serial_rivers_micro_a, minmay_fractal_squares_gapless_5
Temple:   lightli_temple_of_artemis
Lair:1:   layout_chaotic_city
Lair:2:   layout_cave_pods, skrybe_swamp_entry_bodies,
          guppyfry_snake_entry_island, uniq_maggie
Lair:3:   layout_roguey, minivault_24, serial_bayou_shore_a, grunt_megastairs_2,
          serial_bayou_shore_b
Lair:4:   layout_hall_layers, grunt_megastairs_1, serial_bayou_shore_b
Lair:5:   layout_small_grid, slime_dummy
Lair:6:   wormcave, layout_regular_city, hangedman_lair_caniforms_friends,
          minivault_24, infiniplex_staircase_pool
Swamp:1:  nicolae_swamp_ascending_descending, layout_basic_swamp,
          evilmike_swamp_ruin_house_2
Swamp:2:  layout_basic_swamp, evilmike_swamp_ruin_house_3
Swamp:3:  layout_falls_marsh, hangedman_swamp_ruin_wall
Swamp:4:  swamp, layout_basic_swamp, swamp_pool1, nicolae_swamp_soggy_hallways
Snake:1:  layout_misc_corridors
Snake:2:  layout_gridlike
Snake:3:  layout_honeycomb
Snake:4:  hellmonk_snake_rune_quicksilver_temple, layout_cave_town, drop_trap
Orc:1:    layout_caves, nicolae_orc_crystal_geode
Orc:2:    st_orc_ogre_mass, layout_diamond_mine, serial_shops,
          nicolae_diamond_shop
Elf:1:    minmay_elf_arrival_circle, layout_geoelf_grid,
          hangedman_elf_represent, einodemon_barbed_minivault
Elf:2:    elven_hall_of_blades_hangedman_original [nicolae_blade_bullseye],
          layout_rooms, enter_trove_3, hex_large
Elf:3:    minmay_elf_hall_dome, layout_gridlike, drop_trap, minivault_26,
          onia_ninara_cookie, uniq_louise
Vaults:1: kennysheep_vaults_gozag_temple, v_rooms_6, nicolae_vaults_triangles,
          hangedman_vaults_stitches, vaults_mumra_hex,
          nicolae_vaults_windows_and_doors_thing, vaults_room_stairs_pillars,
          dpeg_vaults_monster_row, layout_vaults_chaotic_city, serial_shops,
          shop_fountains
Vaults:2: v_rooms_6, minmay_crypt_entry_nasty_monster, vaults_room_boxed,
          hangedman_vaults_snaps, vaults_mumra_minichess, v_misc_24, v_misc_5,
          vaults_dpeg_ring, v_alt_pattern_1, grunt_vaults_diagonal,
          nicolae_vaults_border_crossing, vaults_room_stairs_pillars,
          v_alt_pattern_4, layout_vaults_maze_bifur, serial_shops, shop,
          portal_desolation_entry_salt, uniq_margery
Desolation

Skill      XL: |  1  2  3  4  5  6  7  8  9 10 11 12 13 14 15 16 17 18 19 20 21 22 23 |
---------------+----------------------------------------------------------------------+-----
Fighting       | 1 2 3 4 5 6 8 9 11 12 13 14 15 16 17 | 17.9
Spellcasting   | 3 4 5 6 7 9 10 12 13 14 16 17 18 19 20 | 20.2
Evocations     | 1 3 5 |  5.0
Shields        | 3 4 8 12 15 16 | 16.7
Dodging        | 4 7 9 11 12 14 15 16 | 16.4
Stealth        | |  1.5

Action                   |  1- 3 |  4- 6 |  7- 9 | 10-12 | 13-15 | 16-18 | 19-21 | 22-24 || total
-------------------------+-------+-------+-------+-------+-------+-------+-------+-------++-------
Melee: Unarmed           |     1 |     2 |       |       |       |       |       |       ||     3
       Flail             |       |       |    14 |     7 |    16 |    60 |     2 |     6 ||   105
 Cast: Shock             |    62 |   111 |    13 |     2 |       |       |       |       ||   188
       Static Discharge  |       |    36 |    61 |    42 |    76 |    13 |     2 |       ||   230
       Frozen Ramparts   |       |       |     2 |     3 |     7 |     6 |       |       ||    18
       Blink             |       |       |     1 |       |       |       |       |       ||     1
       Airstrike         |       |       |    54 |   231 |   553 |   656 |   568 |       ||  2062
       Borgnjor's Vile C |       |       |       |    31 |    69 |   145 |   134 |    18 ||   397
       Summon Cactus Gia |       |       |       |       |    17 |    41 |    18 |     6 ||    82
       Swiftness         |       |       |       |       |     1 |       |       |       ||     1
       Eringya's Noxious |       |       |       |       |       |       |    19 |       ||    19
       Lehudib's Crystal |       |       |       |       |       |       |   129 |   272 ||   401
       Malign Gateway    |       |       |       |       |       |       |       |     1 ||     1
Evoke: Condenser vane    |       |       |     1 |       |     1 |     1 |     1 |       ||     4
  Use: Scroll            |     5 |     2 |     7 |     6 |     8 |     7 |     4 |     9 ||    48
       Potion            |       |     1 |     1 |       |     1 |     3 |       |       ||     6
Armor: Robe              |     3 |    16 |    18 |    20 |    64 |    88 |    47 |    19 ||   275
Dodge: Dodged            |     7 |    27 |    29 |    34 |   116 |   298 |   231 |    59 ||   801
Block: Other             |       |       |    16 |     7 |       |       |       |       ||    23
       Reflection        |       |       |       |     2 |     1 |       |       |       ||     3
       Buckler           |       |       |       |     8 |   102 |   185 |   126 |    25 ||   446
       Tower shield      |       |       |       |       |       |       |       |    62 ||    62

Table legend: (Time is in decaauts)
 A = Elapsed time spent in this place.
 B = Non-inter-level travel time spent in this place.
 C = Inter-level travel time spent in this place.
 D = Time resting spent in this place.
 E = Time spent auto-exploring this place.
 F = Levels seen in this place.
 G = Mean time per level.
                   A        B        C        D        E       F      G
               +--------+--------+--------+--------+--------+-----+--------+
         Total |  38491 |  36516 |   1975 |    862 |  28538 |  42 |  916.5 |
       Dungeon |  16667 |  15790 |    877 |    136 |  13639 |  15 | 1111.1 |
        Temple |     74 |     58 |     16 |      0 |     31 |   1 |   74.0 |
          Lair |   6182 |   5773 |    409 |     72 |   4726 |   6 | 1030.3 |
         Swamp |   2613 |   2485 |    128 |     24 |   1881 |   4 |  653.2 |
     Snake Pit |   4183 |   3994 |    189 |     74 |   2733 |   4 | 1045.8 |
  Orcish Mines |   1632 |   1538 |     94 |     87 |   1039 |   2 |  816.0 |
   Elven Halls |   2859 |   2659 |    200 |    130 |   1781 |   3 |  953.0 |
        Vaults |   1764 |   1705 |     59 |      0 |   1164 |   2 |  882.0 |
         Abyss |    775 |    775 |      0 |      0 |    497 |   2 |  387.5 |
         Trove |     56 |     56 |      0 |      0 |      2 |   1 |   56.0 |
       Ossuary |   1534 |   1534 |      0 |    339 |   1045 |   1 | 1534.0 |
    Desolation |    146 |    146 |      0 |      0 |      0 |   1 |  146.0 |
               +--------+--------+--------+--------+--------+-----+--------+

Top non-repeatable levels by time:
  Lair:6: 2074 daAuts
     D:2: 1761 daAuts
Vaults:1: 1604 daAuts
 Ossuary: 1534 daAuts
     D:5: 1432 daAuts
     D:1: 1409 daAuts
 Snake:4: 1366 daAuts
     D:3: 1289 daAuts
     D:4: 1272 daAuts
     D:9: 1222 daAuts
   Orc:2: 1213 daAuts
    D:15: 1182 daAuts
     D:6: 1166 daAuts
    D:10: 1164 daAuts
   Elf:3: 1159 daAuts
